 Dungeon Crawl Stone Soup version 0.21-a0-150-gc243083 (webtiles) character file.

140 KarmaPolice the Slasher (level 5, -4/41 HPs)
             Began as a Vampire Gladiator on July 29, 2017.
             Slain by an ogre
             ... wielding a +0 giant club
              (26 damage)
             ... on level 4 of the Dungeon.
             The game lasted 00:07:04 (3448 turns).

KarmaPolice the Slasher (Vampire Gladiator)         Turns: 3448, Time: 00:07:05

Health: -4/41      AC:  4    Str: 14    XL:     5   Next: 2%
Magic:  5/5        EV: 12    Int: 11    God:
Gold:   110        SH:  0    Dex: 15    Spells: 4/4 levels left

rFire    . . .     SeeInvis +   p - +1 short sword (drain)
rCold    + . .     Gourm    .   (no shield)
rNeg     + + .     Faith    .   b - +0 leather armour
rPois    +         Spirit   .   (no helmet)
rElec    .         Reflect  .   (no cloak)
rCorr    .         Harm     .   (no gloves)
MR       +....                  m - +0 pair of boots
Stlth    ++........             (no amulet)
HPRegen  0.06/turn              i - +2 ring of slaying
MPRegen  0.09/turn              n - ring of protection from magic

@: regenerating slowly, heavily drained
A: fangs 3, see invisible, unbreathing
a: Bat Form


You were on level 4 of the Dungeon.
You were very thirsty.

You visited 1 branch of the dungeon, and saw 4 of its levels.

You collected 110 gold pieces.

Inventory:

Hand Weapons
 a - a +0 long sword
 p - a +1 short sword of draining (weapon)
Missiles
 d - 3 throwing nets (quivered)
Armour
 b - a +0 leather armour (worn)
 c - a +0 helmet
 m - a +0 pair of boots (worn)
Jewellery
 i - a +2 ring of slaying (left hand)
 n - a ring of protection from magic (right hand)
Wands
 r - a wand of clouds (4/9)
 u - a wand of flame (13/48)
Scrolls
 g - a scroll of magic mapping {unknown}
 h - a scroll of amnesia {unknown}
 j - a scroll of noise {unknown}
 k - 3 scrolls of remove curse {unknown}
 s - a scroll of identify {unknown}
Potions
 e - 18 potions of blood
 f - 2 potions of brilliance {unknown}
 l - 4 potions of curing {unknown}
 o - a potion of heal wounds {unknown}
 q - a potion of flight {unknown}
 t - a potion of haste {unknown}


   Skills:
 + Level 3.1(1.7) Fighting
 + Level 3.8(2.4) Long Blades
 - Level 1.5(0.2) Throwing
 + Level 2.3(1.0) Armour
 - Level 3.2(1.9) Dodging


You had 4 spell levels left.
You didn't know any spells.

Dungeon Overview and Level Annotations

Branches:
Dungeon (4/15)
 Temple: D:4-7

Altars:
Ru


Innate Abilities, Weirdness & Mutations

You heal slowly.
You have razor-sharp teeth.
You have supernaturally acute eyesight. (SInv)
You can survive without breathing.


Message History

You feel clever.
You see here a hound corpse.
You bottle the corpse's blood.
e - 18 potions of blood (gained 1)
You see here a hound skeleton.
You start resting.
HP restored.
The ogre shouts!
You barely miss the ogre. You bite the ogre.
You draw the ogre's blood!
You feel slightly less thirsty.
The ogre is moderately wounded.
The ogre hits you with a giant club!
You hit the ogre. You drain the ogre!
The ogre is heavily wounded.
The ogre hits you with a giant club!
You barely miss the ogre.
The ogre is heavily wounded.
The ogre hits you with a giant club!!
Ouch! That really hurt!
You die...

.O.....## .........#
#......# .......#.#
#......#
.......#.###......#
......#..##......#
####....##.##......#
#.......##..#......#
#.....###.#......##
#.....@O.........
#.#.###.###...#######
#.)....<..#..........
###.#...#.#...######
#.#.#.#..>.....#
#.#.#.#.######.#
#.#.#.#.# # #.#.#.#
#.#.#.#


You could see an ogre.

Vanquished Creatures
  A hound (D:4)
  Robin (D:3)
  2 adders
  A worm (D:2)
  2 dart slugs (D:2)
  6 orcs (D:3)
  3 ball pythons
  3 giant cockroaches
  11 goblins
  11 hobgoblins
  6 kobolds
  2 quokkas
  6 bats
  A frilled lizard (D:1)
  6 rats
62 creatures vanquished.

Notes
Turn   | Place    | Note
-------+----------+-------------------------------------------
     0 | D:1      | KarmaPolice the Vampire Gladiator began the quest for the Orb.
     0 | D:1      | Reached XP level 1. HP: 16/16 MP: 1/1
   461 | D:1      | Reached XP level 2. HP: 22/22 MP: 2/2
   488 | D:1      | Reached skill level 1 in Armour
  1464 | D:2      | Reached XP level 3. HP: 28/28 MP: 3/3
  1597 | D:2      | Found a sacrificial altar of Ru.
  2152 | D:3      | Noticed Robin
  2161 | D:3      | Reached XP level 4. HP: 26/34 MP: 4/4
  2971 | D:3      | Killed Robin
  3143 | D:4      | Noticed an ogre
  3389 | D:4      | Reached XP level 5. HP: 39/41 MP: 5/5
  3448 | D:4      | Slain by an ogre

Vault maps used:
D:1:      eino_arrival_druids_welcome
D:2:      nicolae_ru_path_of_blood
D:3:      first_bread, uniq_robin
D:4:      temple_doors_e, uniq_menkaure

Skill      XL: |  1  2  3  4 |
---------------+-------------+-----
Fighting       | 2 3 |  3.1
Armour         | 1 2 |  2.3
Long Blades    | |  3.8
Throwing       | |  1.5
Dodging        | |  3.2

Action                   |  1- 3 |  4- 6 || total
-------------------------+-------+-------++-------
Melee: Long sword        |   105 |    23 ||   128
       Bite              |    15 |     3 ||    18
       Short sword       |       |     6 ||     6
  Use: Potion            |       |     2 ||     2
 Stab: Sleeping          |     5 |       ||     5
  Eat: Corpse            |     2 |       ||     2
Armor: Leather armour    |    31 |     6 ||    37
Dodge: Dodged            |    88 |    26 ||   114
       Rpst.: Long sword |    30 |     5 ||    35
